 Dungeon Crawl Stone Soup version 0.20-a0-3-g334f831 (webtiles) character file.

33 Gorice the Sneak (level 3, 0/22 HPs)
             Began as a Kobold Enchanter on Oct 30, 2016.
             Killed from afar by Natasha (6 damage)
             ... with a magic dart
             ... on level 2 of the Dungeon.
             The game lasted 00:03:08 (1426 turns).

Gorice the Sneak (Kobold Enchanter)                 Turns: 1426, Time: 00:03:09

Health: 0/22       AC:  5    Str:  6    XL:     3   Next: 47%
Magic:  6/6        EV: 15    Int: 16    God:
Gold:   62         SH:  0    Dex: 15    Spells: 1 memorised, 5 levels left

rFire  . . .     SeeInvis .     a - +0 dagger (venom)
rCold  . . .     Gourm    .     b - +1 robe
rNeg   . . .     Faith    .     (shield restricted)
rPois  .         Spirit   .     k - +0 helmet (curse)
rElec  .         Reflect  .     j - +0 cloak
rCorr  .         Harm     .     (no gloves)
MR     .....                    (no boots)
Stlth  +++.......               (no amulet)
                                (no ring)
                                (no ring)

@: no status effects
A: carnivore 3
a: no special abilities


You were on level 2 of the Dungeon.
You were completely stuffed.

You visited 1 branch of the dungeon, and saw 2 of its levels.

You collected 62 gold pieces.

Inventory:

Hand Weapons
 a - a +0 dagger of venom (weapon)
   (You took it off a goblin on level 1 of the Dungeon)
 e - a +1 dagger
 p - a +0 short sword
Missiles
 m - 55 sling bullets
 Z - 48 stones (quivered)
Armour
 b - a +1 robe (worn)
 j - a +0 cloak (worn)
 k - a cursed +0 helmet (worn)
 q - a +0 plate armour
Potions
 l - 3 potions of might {unknown}
 n - a potion of flight {unknown}
 o - a potion of heal wounds {unknown}
Books
 c - a book of Maledictions
Comestibles
 d - a meat ration {!e}
 f - 3 chunks of flesh


   Skills:
 + Level 2.7 Fighting
 + Level 2.1 Short Blades
 - Level 2.4 Dodging
 - Level 4.0 Stealth
 - Level 2.1 Spellcasting
 - Level 3.0 Hexes


You had 5 spell levels left.
You knew the following spells:

 Your Spells              Type           Power        Failure   Level  Hunger
a - Corona                Hex            ##.....      8%          1    #......


Dungeon Overview and Level Annotations

Branches:
Dungeon (2/15)

Altars:

Annotations:
D:2 Natasha


Innate Abilities, Weirdness & Mutations

You are small and have problems with some larger weapons.
You are carnivorous and can eat meat at any time.


Message History

No target in view!
No target in view!
You see here a goblin corpse.
You butcher the goblin corpse.
f - 3 chunks of flesh
(D) Dungeon
Where to? (Enter - D:1 @ (x,y), ? - help)
There is a stone staircase leading down here.
As you read the scroll labeled CEIG VYNGUPP, it crumbles to dust.
It is a scroll of recharging.
You aren't carrying any rechargeable items.
As you read the scroll labeled KIPNAHAEWK, it crumbles to dust.
You hear the sound of one hand clapping.
It was a scroll of random uselessness.
Blink to where?
Press: ? - help, Dir - move target cursor You are very lightly contaminated with residual magic.
As you read the scroll labeled VAVVOE MENYEV, it crumbles to dust.
It was a scroll of blinking.
As you read the scroll labeled CASCHE OSYSTYROT, it crumbles to dust.
You feel strangely unstable.
It was a scroll of teleportation.
You start waiting.
Your surroundings suddenly seem different.
Your magical contamination has completely faded away.
There is a stone staircase leading down here.
You climb downwards.
Found 2 viscous silvery potions.
Found an escape hatch in the ceiling.
There is a stone staircase leading up here.
l - 3 viscous silvery potions (gained 2)
Found a stone staircase leading down.
There is a stone staircase leading down here.
Natasha, Servant of Life and Death comes into view.
A rat comes into view.
Found 7 gold pieces.
Natasha hisses angrily.
Natasha stares at you and mumbles some strange words.
You resist with significant effort. Natasha claws you but does no damage.
You barely miss Natasha. Natasha claws you.
Damage: 6 (max 6)
You closely miss Natasha. Natasha claws you!
* * * LOW HITPOINT WARNING * * *
Damage: 10 (max 10)
You hit Natasha but do no damage.
Natasha is poisoned.
Natasha claws you but does no damage.
You hit Natasha but do no damage.
Natasha looks as sick as possible!
Natasha is lightly wounded.
Natasha casts a spell at you. The magic dart hits you!
You die...

### . r...+
.##...#
..#?..#
######.#...#
#..........#
#........$.#
#.h@....#
#.......#
#######.##
########..#
+#
..........#
####.#
....####..#
.....#
..........##
.....#
.#.#####..#
.....#
##.###.....#


You could see Natasha.

Vanquished Creatures
  3 giant cockroaches (D:1)
  5 goblins (D:1)
  7 hobgoblins (D:1)
  3 kobolds (D:1)
  A ball python (D:1)
  3 bats (D:1)
  5 frilled lizards (D:1)
  4 rats (D:1)
31 creatures vanquished.

Notes
Turn   | Place    | Note
-------+----------+-------------------------------------------
     0 | D:1      | Gorice the Kobold Enchanter began the quest for the Orb.
     0 | D:1      | Reached XP level 1. HP: 10/10 MP: 3/3
    55 | D:1      | Reached skill level 1 in Fighting
    80 | D:1      | Reached XP level 2. HP: 9/17 MP: 5/5
   447 | D:1      | Reached skill level 2 in Fighting
   651 | D:1      | Reached XP level 3. HP: 19/22 MP: 6/6
   726 | D:1      | Reached skill level 2 in Short Blades
  1418 | D:2      | Noticed Natasha
  1424 | D:2      | HP: 6/22 [Natasha (10)]
  1426 | D:2      | Killed from afar by Natasha

Vault maps used:
D:1:      dpeg_arrival_ternary, serial_aquarium, aquarium_bridge_straight,
          aquarium_bridge_square, aquarium_window_2, aquarium_window_corner,
          aquarium_view_2f, aquarium_view_2b
D:2:      uniq_natasha

Skill      XL: |  1  2  3 |
---------------+----------+-----
Fighting       | 1 2 |  2.7
Short Blades   | 2 |  2.1
Dodging        | |  2.4
Stealth        | |  4.0
Spellcasting   | |  2.1
Hexes          | |  3.0

Action                   || total
-------------------------++-------
Melee: Dagger            ||   117
 Cast: Corona            ||     2
  Use: Scroll            ||     4
 Stab: Sleeping          ||     3
  Eat: Chunk             ||    10
Armor: Robe              ||    18
Dodge: Dodged            ||    96

Table legend:
 A = Turns spent in this place as a percentage of turns spent in the entire game.
 B = Non-inter-level travel turns spent in this place as a percentage of non-inter-level travel turns spent in the entire game.
 C = Inter-level travel turns spent in this place as a percentage of turns spent in this place.
 D = Turns resting spent in this place as a percentage of non-inter-level travel turns spent in this place.
 E = Turns spent auto-exploring this place as a percentage of non-inter-level travel turns spent in this place.
 F = Non-inter-level travel turns spent in this place divided by the number of levels of this place that you've seen.
                   A       B       C       D       E      F
               +-------+-------+-------+-------+-------+----------------------
         Total | 100.0 | 100.0 |   0.7 |   1.4 |   6.3 | 221.0
       Dungeon | 100.0 | 100.0 |   0.7 |   1.4 |   6.3 | 221.0
               +-------+-------+-------+-------+-------+----------------------

Vault maps used:
D:1:      dpeg_arrival_ternary, serial_aquarium, aquarium_bridge_straight,
          aquarium_bridge_square, aquarium_window_2, aquarium_window_corner,
          aquarium_view_2f, aquarium_view_2b
D:2:      uniq_natasha
